 Dungeon Crawl Stone Soup version 0.19.0 (webtiles) character file.

2473 Danakh the Chopper (level 9, -4/68 (69) HPs)
             Began as a Demonspawn Fighter on Nov 12, 2016.
             Killed from afar by Erica (8 damage)
             ... with a bolt of poison
             ... on level 7 of the Dungeon.
             The game lasted 00:23:02 (6967 turns).

Danakh the Chopper (Demonspawn Fighter)             Turns: 6967, Time: 00:23:03

HP:   -4/68 (69)    AC: 16    Str: 25    XL:     9   Next: 26%
MP:   18/18         EV:  5    Int: 14    God:
Gold: 344           SH: 10    Dex: 13    Spells: 0 memorised, 8 levels left

rFire  . . .     SeeInvis .     a - +0 war axe
rCold  . . .     Gourm    .     b - +0 plate armour
rNeg   . . .     Faith    .     c - +0 shield
rPois  .         Spirit   .     (helmet restricted)
rElec  .         Reflect  .     j - +0 cloak
rCorr  .         Harm     .     l - +0 pair of gloves
MR     .....                    (no boots)
Stlth  ..........               (no amulet)
                                (no ring)
                                t - ring of magical power

@: mighty, brilliant, lethally poisoned (-4 -> -11), very slightly contaminated,
fainting, slowed, drained, very slow
A: antennae 2, slimy green scales 1, mutation resistance 1, powered by death 2,
powered by pain 1
a: no special abilities


You were on level 7 of the Dungeon.
You were fainting.

You visited 1 branch of the dungeon, and saw 8 of its levels.

You collected 344 gold pieces.

Inventory:

Hand Weapons
 a - a +0 war axe (weapon)
Armour
 b - a +0 plate armour (worn)
 c - a +0 shield (worn)
 j - a +0 cloak (worn)
 l - a +0 pair of gloves (worn)
Jewellery
 t - a ring of magical power (left hand)
Wands
 w - a wand of polymorph (8/24)
 B - a wand of flame (23/48)
Scrolls
 e - 10 scrolls of identify
 i - 3 scrolls of enchant armour
 k - a scroll of teleportation {unknown}
 n - 2 scrolls of fog {unknown}
 o - 3 scrolls of amnesia
 q - 2 scrolls of immolation {unknown}
 s - 2 scrolls of recharging
 u - a scroll of blinking
 v - a scroll of remove curse
 y - 2 scrolls of random uselessness {unknown}
 D - a scroll of magic mapping {unknown}
Potions
 m - 2 potions of haste
Books
 h - a book of Air

   Spells                             Type                      Level
   a - Shock                          Conjuration/Air              1
   b - Swiftness                      Charms/Air                   2
   c - Repel Missiles                 Charms/Air                   2
   d - Static Discharge               Conjuration/Air              3
   e - Lightning Bolt                 Conjuration/Air              5
Comestibles
 f - 7 bread rations
 g - 3 beef jerkies
 p - 3 meat rations
 z - 2 fruits


   Skills:
 + Level 5.8(5.2) Fighting
 * Level 7.8(7.2) Axes
 + Level 5.5(4.9) Armour
 - Level 1.0(0.5) Dodging
 - Level 0.4(0.0) Stealth
 + Level 5.9(5.4) Shields


You had 8 spell levels left.
You didn't know any spells.

Dungeon Overview and Level Annotations

Branches:
Dungeon (8/15)             Temple (0/1) D:4
   Lair: D:8-11

Altars:
Fedhas
Hepliaklqana
Nemelex Xobeh
Sif Muna
Vehumet
The Shining One

Shops:
D:5 ?   D:6 (

Annotations:
D:3 Natasha
D:7 Erica
D:8 dalord0's ghost, novice DDFi


Innate Abilities, Weirdness & Mutations

You have a pair of antennae on your head.
You are partially covered in slimy green scales. (AC +2)
You regenerate health from kills.
You sometimes gain a little power by taking damage.
You are somewhat resistant to further mutation.


Message History

You miss the hungry ghost. Something hits you.
* * * LOW HITPOINT WARNING * * *
Something burns you.
* * * LOW HITPOINT WARNING * * *
The hungry ghost hits you.
You feel slightly more hungry.
Unknown command.
You miss something. You closely miss the hungry ghost.
You block the hungry ghost's attack.
You hear some strange, mumbled words.
Something tries to affect you, but you resist.
You block the hungry ghost's attack. Something hits you but does no damage.
You closely miss the hungry ghost.
The hungry ghost is heavily damaged.
You hit something. The hungry ghost hits you.
You feel slightly more hungry. Something completely misses you.
You block the hungry ghost's attack.
You hear some strange, mumbled words.
A bolt of poison appears from out of thin air!
The bolt of poison hits you!
You are lethally poisoned!
You die...

#.# ###########
##'#####.........#
.........#######.# .........#
#.############### .........#
####.#.............# .........#
#........#########.# .........#
#..........# #.# .........#
#..........### #.#
##.).....#######@#.....'.# #.#
...............{W#.....#.#####.#
##......#######./#.#.###.....#.#
#......# #.(#.#.#######.#.#
#......# #..#.#.#.........#
##......## #..#.#.#.#...#.###
....)....######..#.#.#.#.#.#.####
....))........#..#.#.#.#.........
.........####.#..#.#.#.###.#.####


You could see a hungry ghost.

Vanquished Creatures
  Eustachio (D:6)
  The ghost of Lafayette the Cudgeler, an amateur GrGl of Okawaru (D:4)
  Duvessa (D:6)
  A sky beast (D:3)
  An orc warrior (D:6)
  A necrophage (D:5)
  An ogre (D:6)
  2 phantoms
  2 centaurs
  A big kobold (D:7)
  2 bullfrogs (D:7)
  Dowan (D:6)
  A scorpion (D:7)
  6 wights (D:7)
  2 howler monkeys (D:7)
  A crimson imp (D:6)
  A gnoll shaman (D:7)
  An orc priest (D:6)
  3 hounds (D:4)
  An orc wizard (D:5)
  3 bullfrog skeletons
  Jessica (D:3)
  2 iguanas
  Terence (D:2)
  4 worker ants
  Natasha (twice) (D:3)
  A hound skeleton (D:6)
  2 worker ant zombies
  A howler monkey skeleton (D:6)
  9 gnolls
  2 shadow imps
  2 oozes (D:2)
  3 worms
  2 dart slugs (D:3)
  4 leopard geckos
  12 orcs
  2 ball pythons
  4 giant cockroaches
  14 goblins
  10 hobgoblins
  4 jackals
  6 quokkas
  7 bats
  7 frilled lizards
  2 jackal skeletons
  5 kobolds
  5 rats
148 creatures vanquished.

Notes
Turn   | Place    | Note
-------+----------+-------------------------------------------
     0 | D:1      | Danakh the Demonspawn Fighter began the quest for the Orb.
     0 | D:1      | Reached XP level 1. HP: 18/18 MP: 1/1
    39 | D:1      | You fall through a shaft!
   361 | D:1      | Gained mutation: You regenerate a little health from kills. [demonic ancestry]
   361 | D:1      | Reached XP level 2. HP: 24/24 MP: 2/2
   363 | D:1      | Reached skill level 2 in Axes
  1023 | D:2      | Found a blossoming altar of Fedhas.
  1023 | D:2      | Found a hazy altar of Hepliaklqana.
  1137 | D:2      | Gained mutation: You have a pair of small antennae on your head. [demonic ancestry]
  1137 | D:2      | Reached XP level 3. HP: 27/29 MP: 3/3
  1302 | D:2      | Found a glowing golden altar of the Shining One.
  1540 | D:2      | Noticed Terence
  1553 | D:2      | Killed Terence
  1553 | D:2      | Reached skill level 3 in Axes
  1553 | D:2      | Gained mutation: You sometimes gain a little power by taking damage. [demonic ancestry]
  1553 | D:2      | Reached XP level 4. HP: 23/35 MP: 4/4
  1711 | D:3      | Noticed Jessica
  1713 | D:3      | Killed Jessica
  2083 | D:3      | Noticed Natasha
  2089 | D:3      | Killed Natasha
  2089 | D:3      | Gained mutation: You have a pair of antennae on your head. [demonic ancestry]
  2089 | D:3      | Reached XP level 5. HP: 40/41 MP: 5/5
  2165 | D:3      | Noticed a sky beast
  2178 | D:3      | Killed a sky beast
  2178 | D:3      | Reached skill level 4 in Axes
  2234 | D:3      | Noticed Natasha
  2238 | D:3      | Killed Natasha
  2238 | D:3      | Gained mutation: You are partially covered in slimy green scales. (AC +2) [demonic ancestry]
  2238 | D:3      | Reached XP level 6. HP: 41/47 MP: 6/6
  2473 | D:3      | Noticed Natasha
  2533 | D:3      | Found a deep blue altar of Sif Muna.
  2619 | D:4      | Reached skill level 1 in Dodging
  2659 | D:4      | Noticed Lafayette's ghost (amateur GrGl)
  2662 | D:4      | Gained mutation: You are somewhat resistant to further mutation. [potion of mutation]
  2918 | D:4      | Killed Lafayette's ghost
  3123 | D:4      | Found a staircase to the Ecumenical Temple.
  3480 | D:4      | Reached skill level 5 in Axes
  3480 | D:4      | Reached XP level 7. HP: 41/53 MP: 7/7
  3607 | D:5      | Entered Level 5 of the Dungeon
  3822 | D:5      | Found Sifuz's Magic Scroll Shoppe.
  4556 | D:6      | Noticed Duvessa
  4556 | D:6      | Noticed Dowan
  4570 | D:6      | Killed Duvessa
  4570 | D:6      | Reached skill level 6 in Axes
  4570 | D:6      | Gained mutation: You regenerate health from kills. [demonic ancestry]
  4570 | D:6      | Reached XP level 8. HP: 48/60 MP: 8/8
  4576 | D:6      | Killed Dowan
  4816 | D:6      | Noticed Eustachio
  4853 | D:6      | Killed Eustachio
  4853 | D:6      | Reached skill level 5 in Fighting
  4853 | D:6      | Reached skill level 5 in Shields
  5002 | D:6      | Found Vusoopne's Weapon Boutique.
  5504 | D:7      | Reached skill level 5 in Armour
  5739 | D:7      | Reached skill level 7 in Axes
  6066 | D:7      | Reached XP level 9. HP: 45/67 MP: 9/9
  6497 | D:8      | Found a radiant altar of Vehumet.
  6628 | D:8      | Found a sparkling altar of Nemelex Xobeh.
  6682 | D:8      | Noticed Erica
  6682 | D:8      | Noticed dalord0's ghost (novice DDFi)
  6965 | D:7      | HP: 3/68 [something (1)]
  6967 | D:7      | Killed from afar by Erica

Skill      XL: |  1  2  3  4  5  6  7  8 |
---------------+-------------------------+-----
Axes           | 2 3 4 5 6 7 |  7.8
Armour         | 3 4 5 |  5.5
Shields        | 3 4 5 |  5.9
Dodging        | 1 |  1.0
Fighting       | 4 5 |  5.8
Stealth        | |  0.4

Action                   |  1- 3 |  4- 6 |  7- 9 || total
-------------------------+-------+-------+-------++-------
Melee: War axe           |   145 |   209 |   397 ||   751
  Use: Potion            |       |     6 |     5 ||    11
       Scroll            |       |     5 |       ||     5
 Stab: Invisible         |       |       |     1 ||     1
  Eat: Chunk             |     2 |     7 |    11 ||    20
       Pizza             |       |       |     1 ||     1
Armor: Scale mail        |    81 |    92 |   126 ||   299
       Skin              |       |    10 |       ||    10
       Plate armour      |       |       |   130 ||   130
Dodge: Dodged            |    56 |    71 |   121 ||   248
Block: Shield            |    95 |   125 |   252 ||   472
